 Dungeon Sprint DCSS version 0.30-a0-862-g1aabd4f9c5 (webtiles) character file.

Game seed: 9539405767834181013

74 BigDaddyOpFi the Covered (level 4, -2/43 HPs)
             Began as an Armataur Fighter on Mar 8, 2023.
             Was a Priest of Wu Jian.
             Slain by an ogre
             ... wielding a +0 giant club
              (18 damage)
             ... in the Dungeon (Sprint VII: "The Pits").
             The game lasted 00:00:49 (188 turns).

BigDaddyOpFi the Covered (Armataur Fighter)          Turns: 188, Time: 00:00:50

Health: -2/43      AC: 12    Str: 23    XL:     4   Next: 9%
Magic:  4/4        EV:  4    Int:  8    God:    Wu Jian [***...]
Gold:   0          SH:  5    Dex: 10    Spells: 3/3 levels left

rFire   . . .      SeeInvis .    a - +0 war axe
rCold   . . .      Faith    .    c - +0 buckler
rNeg    . . .      Spirit   .    l - +2 plate armour
rPois   .          Reflect  .    (no helmet)
rElec   .          Roll     +    (no cloak)
rCorr   .          NoTele   +    (no gloves)
Will    .....                    (no barding) Stlth
                                 (no amulet)
HPRegen 0.27/turn                (no ring)
MPRegen 0.09/turn                (no ring)

@: mighty
A: large, rugged brown scales 3, deformed body, armoured tail, roll, long
tongue, awkward tongue
a: Renounce Religion, Wall Jump, Serpent's Lash


You were in the Dungeon.
You worshipped Wu Jian.
Wu Jian was most pleased with you.
You visited 1 branch

Inventory:

Hand Weapons
 a - a +0 war axe (weapon)
Armour
 c - a +0 buckler (worn)
 l - a +2 plate armour (worn)
Scrolls
 j - a scroll of blinking
Potions
 e - 6 potions of curing
 f - 5 potions of heal wounds
 g - a potion of haste
 h - 4 potions of magic
 i - 3 potions of berserk rage
 k - 2 potions of invisibility


   Skills:
 + Level 4.5 Fighting
 + Level 3.6 Axes
 + Level 6.0 Armour
 + Level 5.4 Shields


You had 3 spell levels left.
You didn't know any spells.
Your spell library was empty.

Dungeon Overview and Level Annotations

Branches:
Dungeon (1/1)

Altars:
Ashenzari
Cheibriados
Dithmenos
Elyvilon
Fedhas
Gozag
Hepliaklqana
Kikubaaqudgha
Makhleb
Nemelex Xobeh
Okawaru
Qazlal
Ru
Sif Muna
Trog
Uskayaw
Vehumet
Wu Jian
Xom
Yredelemnul
Zin
The Shining One
Jiyva
Lugonu


Innate Abilities, Weirdness & Mutations

You are completely covered in rugged brown scales. (AC +3, +7% HP)
Armour fits poorly on your strangely shaped body.
You have a long armoured tail.
You roll when moving toward enemies. (Rampage)
Your long tongue fully drains potion bottles. (2x potion effects)
Your tongue gives you trouble enunciating. (1.5x scroll delay)


Message History

The Council accepts your kill.
You can now briefly move at supernatural speeds.
You feel your dexterity returning.
Your Fighting skill increases to level 4!
Your Axes skill increases to level 3!
Your Shields skill increases to level 5!
You have reached level 3!
Your experience leads to an increase in your attributes!
Increase (S)trength, (I)ntelligence, or (D)exterity?
You feel stronger. x2
You slurp down every last drop of the potion of heal wounds!
You feel much better. The gnoll hits you with a +0 whip.
You slurp down every last drop of the potion of might!
You feel very mighty all of a sudden. The gnoll hits you with a +0 whip!
You barely miss the gnoll. You block the gnoll's attack.
The gnoll hits you but does no damage.
You hit the gnoll.
The gnoll is moderately wounded.
The gnoll barely misses you.
You slash the gnoll!
You kill the gnoll!
The Council accepts your kill.
You have reached level 4!
You feel agile.
You barely miss the orc. You tail-slap the orc!
You kill the orc!
The Council accepts your kill. The orc hits you but does no damage.
Your Armour skill increases to level 6!
You slash the orc!
You kill the orc!
The Council accepts your kill.
You slash the ogre!
The ogre is moderately wounded.
The ogre hits you with a +0 giant club!!
You barely miss the ogre.
The ogre is moderately wounded.
The ogre hits you with a +0 giant club!!
You die...

#'#####'#####.....
#.#..#.))'.##.....
#.#..#...#.#####'#
#.#.†#####.##.....
#.#).'...#.##.....
#.#..'...†.##.....
#.#..########...<.
#.#..'.))).##.....
#@#..#[)))[##.....
#O###########.....
#o..o...# ######
#.###...# #.# .#
#.# #.. #.. #..


You could see an ogre and an orc.

Vanquished Creatures
  A quasit (D)
  3 gnolls (D)
  2 orcs (D)
  A bat skeleton (D)
  A hobgoblin (D)
  A quokka (D)
  2 ball pythons (D)
  A frilled lizard (D)
  A kobold (D)
  A rat (D)
14 creatures vanquished.

Notes
Turn   | Place    | Note
-------+----------+-------------------------------------------
     0 | D        | BigDaddyOpFi the Armataur Fighter began the quest for the
                  | Orb.
     0 | D        | Reached XP level 1. HP: 19/19 MP: 1/1
    15 | D        | Found a bloodstained altar of Trog.
    15 | D        | Found a shimmering blue altar of Sif Muna.
    15 | D        | Found a viscous altar of Jiyva.
    15 | D        | Found a hazy altar of Hepliaklqana.
    15 | D        | Found an opulent altar of Gozag.
    16 | D        | Found a glowing golden altar of the Shining One.
    16 | D        | Found a glowing silver altar of Zin.
    16 | D        | Found a basalt altar of Yredelemnul.
    16 | D        | Found a shimmering altar of Xom.
    16 | D        | Found an ornate altar of the Wu Jian Council.
    16 | D        | Found a sacrificial altar of Ru.
    16 | D        | Found a stormy altar of Qazlal.
    16 | D        | Found an iron altar of Okawaru.
    16 | D        | Found a sparkling altar of Nemelex Xobeh.
    16 | D        | Found a burning altar of Makhleb.
    16 | D        | Found a blossoming altar of Fedhas.
    16 | D        | Found a white marble altar of Elyvilon.
    16 | D        | Found a shadowy altar of Dithmenos.
    16 | D        | Found a snail-covered altar of Cheibriados.
    17 | D        | Found a radiant altar of Vehumet.
    17 | D        | Found a corrupted altar of Lugonu.
    18 | D        | Found an ancient bone altar of Kikubaaqudgha.
    18 | D        | Found a hide-covered altar of Uskayaw.
    18 | D        | Found a broken altar of Ashenzari.
    27 | D        | Became a worshipper of the Wu Jian Council
    57 | D        | Reached skill level 4 in Armour
    57 | D        | Reached XP level 2. HP: 25/27 MP: 2/2
    76 | D        | Reached * piety under Wu Jian
    93 | D        | Reached ** piety under Wu Jian
    99 | D        | Reached skill level 5 in Armour
   175 | D        | Noticed an ogre
   179 | D        | Reached *** piety under Wu Jian
   180 | D        | Reached skill level 5 in Shields
   180 | D        | Reached XP level 3. HP: 22/35 MP: 3/3
   185 | D        | Reached XP level 4. HP: 32/43 MP: 4/4
   186 | D        | Reached skill level 6 in Armour
   188 | D        | Slain by an ogre

Illustrated notes

Levels and vault maps discovered:
D:        pitsprint [storerooms_1, entrance_room_1, metal_vault_7, armoury_1,
          mini_pit_1, grid_room_1, main_hall_1, silver_pit, the_coven_3,
          the_vestibule_1, steel_vault_2, golden_pit, hallway_of_sentries,
          crystal_vault_4, iron_vault_5, final_vault]

Skill      XL: |  1  2  3  4 |
---------------+-------------+-----
Fighting       | 3 4 |  4.5
Axes           | 2 3 |  3.6
Armour         | 4 5 6 |  6.0
Shields        | 4 5 |  5.4

Action                     |  1- 3 |  4- 6 || total
---------------------------+-------+-------++-------
  Melee: War axe           |    42 |     4 ||    46
         Tailslap          |     3 |     1 ||     4
Ability: Whirlwind         |     1 |       ||     1
    Use: Potion            |     2 |       ||     2
 Armour: Plate armour      |    45 |     1 ||    46
         Scale mail        |    12 |       ||    12
  Dodge: Dodged            |    14 |       ||    14
  Block: Buckler           |    23 |       ||    23

Table legend: (Time is in decaauts)
 A = Elapsed time spent in this place.
 B = Non-inter-level travel time spent in this place.
 C = Inter-level travel time spent in this place.
 D = Time resting spent in this place.
 E = Time spent auto-exploring this place.
 F = Levels seen in this place.
 G = Mean time per level.
                   A        B        C        D        E       F      G
               +--------+--------+--------+--------+--------+-----+--------+
         Total |    204 |    181 |     23 |      2 |      0 |   1 |  204.0 |
       Dungeon |    204 |    181 |     23 |      2 |      0 |   1 |  204.0 |
               +--------+--------+--------+--------+--------+-----+--------+

Top non-repeatable levels by time:
       D: 204 daAuts
